 Dungeon Crawl Stone Soup version 0.21-a0-504-g2eda330 (webtiles) character file.

3364 tof the Cruncher (level 9, -1/72 HPs)
             Began as a Demonspawn Gladiator on Nov 26, 2017.
             Was a Believer of Wu Jian.
             Slain by vineage's ghost (4 damage)
             ... on level 8 of the Dungeon.
             The game lasted 00:17:20 (7376 turns).

tof the Cruncher (Demonspawn Gladiator)             Turns: 7376, Time: 00:17:21

Health: -1/72      AC:  8    Str: 14    XL:     9   Next: 73%
Magic:  8/9        EV: 16    Int: 14    God:    Wu Jian [**....]
Gold:   226        SH:  0    Dex: 18    Spells: 8/8 levels left

rFire    . . .     SeeInvis .   a - +0 quarterstaff
rCold    . . .     Gourm    .   (shield currently unavailable)
rNeg     . . .     Faith    .   b - +0 leather armour
rPois    .         Spirit   .   f - +0 helmet
rElec    .         Reflect  .   t - +0 cloak
rCorr    .         Harm     .   (no gloves)
MR       .....                  (no boots)
Stlth    +.........             E - amulet of regeneration
HPRegen  0.62/turn              q - +4 ring of intelligence
MPRegen  0.11/turn              x - ring of flight

@: flying
A: hooves 2, molten scales 2, powered by death 2, spiny 2
a: Renounce Religion, Stop Flying


You were on level 8 of the Dungeon.
You worshipped Wu Jian.
Wu Jian was pleased with you.
You were hungry.

You visited 2 branches of the dungeon, and saw 9 of its levels.

You collected 382 gold pieces.
You spent 156 gold pieces at shops.

Inventory:

Hand Weapons
 a - a +0 quarterstaff (weapon)
Missiles
 d - 3 throwing nets
 o - 235 stones
 B - 12 javelins (quivered)
 G - 17 poisoned needles
 J - 8 curare-tipped needles
Armour
 b - a +0 leather armour (worn)
 f - a +0 helmet (worn)
 t - a +0 cloak (worn)
Jewellery
 q - a +4 ring of intelligence (left hand)
 x - a ring of flight (right hand)
 E - an amulet of regeneration (around neck)
Wands
 F - a wand of iceblast (14)
Scrolls
 j - 6 scrolls of blinking
 m - 2 scrolls of enchant armour
 p - 5 scrolls of remove curse
 w - 2 scrolls of teleportation
 y - 2 scrolls of amnesia {unknown}
 C - a scroll of fog {unknown}
 D - a scroll of enchant weapon {unknown}
 H - a scroll of random uselessness {unknown}
Potions
 e - a potion of resistance {unknown}
 g - a potion of invisibility {unknown}
 h - 2 potions of ambrosia {unknown}
 i - 3 potions of might
 l - 4 potions of lignification {unknown}
 r - 2 potions of degeneration {unknown}
 s - a potion of mutation {unknown}
 u - a potion of magic {unknown}
 v - a potion of brilliance {unknown}
 z - 3 potions of curing
 K - 2 potions of flight {unknown}
Books
 I - a book of Changes

   Spells                             Type                      Level
   a - Beastly Appendage              Transmutation                1
   b - Sticks to Snakes               Transmutation                2
   c - Spider Form                    Transmutation/Poison         3
   d - Ice Form                       Ice/Transmutation            4
   e - Blade Hands                    Transmutation                5
Comestibles
 c - 3 bread rations
 k - 5 royal jellies
 A - 4 meat rations


   Skills:
 + Level 7.1 Fighting
 * Level 9.4 Staves
 - Level 1.7 Throwing
 + Level 6.9 Dodging


You had 8 spell levels left.
You didn't know any spells.

Dungeon Overview and Level Annotations

Branches:
Dungeon (8/15)             Temple (1/1) D:4
   Lair: D:8-11

Altars:
Ashenzari
Cheibriados
Dithmenos
Elyvilon
Fedhas
Gozag
Hepliaklqana
Makhleb
Nemelex Xobeh
Okawaru
Ru
Sif Muna
Trog
Uskayaw
Vehumet
Wu Jian
Xom
Yredelemnul
Zin
The Shining One

Shops:
D:4 **(!

Annotations:
D:8 exclusion: oklob sapling, vineage's ghost, novice MiFi


Innate Abilities, Weirdness & Mutations

You have hoof-like feet.
You are mostly covered in molten scales. (AC +3)
You regenerate health from kills.
You are mostly covered in sharp spines.


Message History

Vineage's ghost is struck by your spines.
Vineage's ghost hits you!
You spin and attack vineage's ghost.
You hit vineage's ghost but do no damage.
You kick vineage's ghost, but do no damage.
Vineage's ghost is lightly damaged.
Vineage's ghost hits you!
Things that are here:
a giant club; an ogre corpse You spin and attack vineage's ghost.
You hit vineage's ghost. You kick vineage's ghost.
Vineage's ghost is lightly damaged.
Vineage's ghost hits you!
* * * LOW HITPOINT WARNING * * *
You spin and attack vineage's ghost.
You hit vineage's ghost but do no damage.
Vineage's ghost is lightly damaged.
Vineage's ghost hits you!
* * * LOW HITPOINT WARNING * * *
You die...

.....
...<.# ..#
..#.## #.#
#..... #.#
#.# ###.###
## ..... ..
####W###.#
##..).@...#
#.........#
#..#.###..#
#..... ..#
#.##.## #.#
#. #.. ..
?. ... .#.
#.. ####
####


You could see vineage's ghost (pinned).

Vanquished Creatures
  Psyche (D:8)
  The ghost of Roak the Slasher, an amateur GnCK of Xom (D:4)
  Sigmund (D:5)
  A porcupine (D:8)
  An ice beast (D:4)
  An orc warrior (D:7)
  A black bear (D:8)
  5 ogres
  2 centaurs (D:7)
  4 bullfrogs
  A gnoll sergeant (D:7)
  A scorpion (D:8)
  4 wights (D:8)
  A howler monkey (D:6)
  3 crimson imps
  2 hounds
  2 jellies
  6 orc priests
  10 orc wizards
  3 iguanas
  2 worker ants (D:4)
  A hound skeleton (D:6)
  A worker ant zombie (D:8)
  9 adders
  3 gnolls (D:3)
  5 shadow imps
  An ooze (D:4)
  An adder skeleton (D:4)
  An adder zombie (D:5)
  4 worms
  2 dart slugs (D:1)
  9 leopard geckos
  36 orcs
  5 ball pythons
  5 bats
  4 giant cockroaches
  7 goblins
  7 hobgoblins
  14 jackals
  2 quokkas (D:4)
  15 frilled lizards
  2 giant cockroach zombies (D:6)
  6 kobolds
  2 leopard gecko skeletons
  8 rats
203 creatures vanquished.

Vanquished Creatures (others)
  A fungus (D:8)
1 creature vanquished.

Grand Total: 204 creatures vanquished

Notes
Turn   | Place    | Note
-------+----------+-------------------------------------------
     0 | D:1      | tof the Demonspawn Gladiator began the quest for the Orb.
     0 | D:1      | Reached XP level 1. HP: 16/16 MP: 1/1
    83 | D:1      | Reached skill level 3 in Staves
    83 | D:1      | Gained mutation: You have large cloven feet. [demonic ancestry]
    83 | D:1      | Reached XP level 2. HP: 4/22 MP: 2/2
   888 | D:1      | Gained mutation: You are partially covered in molten scales. (AC +2) [demonic ancestry]
   888 | D:1      | Reached XP level 3. HP: 28/28 MP: 3/3
  1834 | D:2      | Gained mutation: You regenerate a little health from kills. [demonic ancestry]
  1834 | D:2      | Reached XP level 4. HP: 21/34 MP: 4/4
  2273 | D:3      | Reached skill level 4 in Staves
  2340 | D:3      | Found an iron altar of Okawaru.
  2377 | D:3      | Found a deep blue altar of Sif Muna.
  2812 | D:3      | Found a bloodstained altar of Trog.
  2812 | D:3      | Found a hazy altar of Hepliaklqana.
  2877 | D:3      | Gained mutation: You are partially covered in sharp spines. [demonic ancestry]
  2877 | D:3      | Reached XP level 5. HP: 40/41 MP: 5/5
  2991 | D:4      | Found Rinomelo's Assorted Antiques.
  3234 | D:4      | Noticed Roak's ghost (amateur GnCK)
  3390 | D:4      | Killed Roak's ghost
  3390 | D:4      | Reached skill level 5 in Staves
  3390 | D:4      | Gained mutation: You have hoof-like feet. [demonic ancestry]
  3390 | D:4      | Reached XP level 6. HP: 33/48 MP: 6/6
  3561 | D:4      | Bought a scroll labeled JOFREAXKITENN for 24 gold pieces
  3561 | D:4      | Bought a scroll labeled FOT QYMATECE for 24 gold pieces
  3561 | D:4      | Bought a scroll labeled GUEH KULEIJO for 24 gold pieces
  3595 | D:4      | Found a shattered altar of Ashenzari.
  3612 | D:4      | Found Xar Ohuh's Distillery.
  3618 | D:4      | Bought a potion of might for 48 gold pieces
  3618 | D:4      | Bought a potion of curing for 36 gold pieces
  4023 | D:4      | Noticed an ice beast
  4036 | D:4      | Killed an ice beast
  4036 | D:4      | Gained mutation: You are mostly covered in sharp spines. [demonic ancestry]
  4036 | D:4      | Reached XP level 7. HP: 54/54 MP: 7/7
  4052 | D:4      | Found a staircase to the Ecumenical Temple.
  4058 | Temple   | Entered the Ecumenical Temple
  4216 | Temple   | Became a worshipper of the Wu Jian Council
  4286 | D:4      | Found Yseur's Assorted Antiques.
  4336 | D:4      | Noticed a blizzard demon
  4337 | D:4      | Found a burning altar of Makhleb.
  4348 | D:4      | Found a glowing silver altar of Zin.
  4348 | D:4      | Noticed an angel
  4439 | D:4      | Found Lemeqy's Antique Weapon Boutique.
  4458 | D:5      | Entered Level 5 of the Dungeon
  4458 | D:5      | Noticed Sigmund
  4478 | D:4      | Reached skill level 6 in Staves
  4638 | D:5      | Killed Sigmund
  4759 | D:5      | Reached skill level 5 in Dodging
  4759 | D:5      | Gained mutation: You regenerate health from kills. [demonic ancestry]
  4759 | D:5      | Reached XP level 8. HP: 58/61 MP: 8/8
  4864 | D:5      | Reached skill level 5 in Fighting
  5092 | D:5      | Reached skill level 7 in Staves
  5216 | D:5      | You fall through a shaft for 3 floors!
  5224 | D:8      | Reached * piety under Wu Jian
  5528 | D:8      | Noticed Psyche
  5532 | D:8      | Killed Psyche
  5532 | D:8      | Reached skill level 8 in Staves
  5614 | D:8      | Gained mutation: You are mostly covered in molten scales. (AC +3) [demonic ancestry]
  5614 | D:8      | Reached XP level 9. HP: 27/69 MP: 9/9
  5723 | D:8      | Found a basalt altar of Yredelemnul.
  6080 | D:6      | Reached ** piety under Wu Jian
  6661 | D:7      | Reached skill level 9 in Staves
  7261 | D:8      | Noticed vineage's ghost (novice MiFi)
  7376 | D:8      | HP: 3/72 [vineage's ghost (16)]
  7376 | D:8      | Slain by vineage's ghost

Vault maps used:
D:1:      dpeg_arrival_rooms_with_view
D:3:      nicolae_overflow_crystal_walls, lemuel_blue_sif_altar,
          amethyst_overflow_temple_binary, minmay_lizard_king
D:4:      grunt_temple_overflow_order_and_chaos_2,
          ashenzari_conservatory_becter, minmay_temple_entry_enclosed_plants,
          serial_shops, shop, nicolae_shop_behind_doors,
          nicolae_shop_temple_entry_statues_fountains, shop_fountains
D:5:      first_bread, uniq_sigmund
D:7:      kennysheep_six_static_rooms
D:8:      cheibrodos_iron_armory, kennysheep_mini,
          grunt_lair_entry_orc_guard_hut, introduction_to_nature_2, uniq_psyche
Temple:   nicolae_temple_figure_eight

Skill      XL: |  1  2  3  4  5  6  7  8  9 |
---------------+----------------------------+-----
Staves         | 3 4 5 6 8 9 |  9.4
Dodging        | 3 4 5 6 |  6.9
Fighting       | 3 4 6 7 |  7.1
Throwing       | |  1.7

Action                   |  1- 3 |  4- 6 |  7- 9 || total
-------------------------+-------+-------+-------++-------
Melee: Quarterstaff      |   102 |   121 |   274 ||   497
       Kick              |    16 |    32 |    78 ||   126
Throw: Stone             |    16 |     3 |       ||    19
       Javelin           |       |       |     1 ||     1
 Abil: Evoke Flight      |       |       |     1 ||     1
  Use: Scroll            |       |       |     7 ||     7
       Potion            |       |       |     1 ||     1
  Eat: Chunk             |     3 |     7 |     6 ||    16
       Bread ration      |       |       |     1 ||     1
Armor: Leather armour    |    32 |    36 |    45 ||   113
Dodge: Dodged            |    72 |    83 |   135 ||   290

Table legend:
 A = Spawn XP
 B = Non-spawn XP
 C = Spawn XP percentage of total XP
 D = Spawn monster count
 E = Non-spawn monster count
 F = Spawn count percentage of total count
 G = Total turns spent on level
                    A         B        C        D         E        F      G
               +---------+---------+-------+---------+---------+-------+---------
         Total |       0 |    4806 |   0.0 |       0 |     203 |   0.0 |  7376
               +---------+---------+-------+---------+---------+-------+---------
           D:1 |       0 |      55 |   0.0 |       0 |      29 |   0.0 |  1277
           D:2 |       0 |      46 |   0.0 |       0 |      11 |   0.0 |   893
           D:3 |       0 |     148 |   0.0 |       0 |      38 |   0.0 |  1297
           D:4 |       0 |     870 |   0.0 |       0 |      24 |   0.0 |   972
           D:5 |       0 |     617 |   0.0 |       0 |      18 |   0.0 |   603
           D:6 |       0 |     669 |   0.0 |       0 |      40 |   0.0 |   686
           D:7 |       0 |     847 |   0.0 |       0 |      21 |   0.0 |   825
           D:8 |       0 |    1554 |   0.0 |       0 |      22 |   0.0 |   643
               +---------+---------+-------+---------+---------+-------+---------
